[Event "34th MPL National U12G Chess-ch 2022"]
[Site "Mysore"]
[Date "2022.04.14"]
[Round "11.1"]
[White "Shreya G Hipparagi"]
[Black "Saparya Ghosh"]
[Result "1/2-1/2"]
[ECO "B01"]
[WhiteElo "1552"]
[BlackElo "1341"]
[Annotator "NA RC"]
[PlyCount "99"]
[EventDate "2022.04.09"]
[EventCountry "IND"]
[SourceTitle "playchess.com"]
[Source "ChessBase"]
[SourceQuality "1"]
[TimeControl "5400+30"]

1. e4 d5 2. exd5 Qxd5 3. Nc3 Qd8 4. d4 c6 5. Nf3 Bf5 6. Bc4 e6 7. O-O Nf6 8. h3 Bd6 9. Re1 O-O 10. Nh4 Bg6 11. Nxg6 hxg6 12. Bg5 Nbd7 13. Ne4 Be7 14. Bxf6 Nxf6 15. Nxf6+ Bxf6 16. c3 Re8 17. Qf3 Qd6 18. Re4 Bd8 19. Rae1 Bc7 20. g3 Qd7 21. h4 Bd6 22. h5 gxh5 23. Qxh5 g6 24. Qh6 Bf8 25. Qf4 Bg7 26. Kg2 Rad8 27. Qh4 b5 28. Bb3 Qe7 29. Qh3 c5 30. Kg1 cxd4 31. Rxe6 Qf8 32. cxd4 a5 33. Rxe8 Rxe8 34. Rxe8 Qxe8 35. Qg4 Qc6 36. Qf4 Qd7 37. a3 Bxd4 38. Bxf7+ Kg7 39. Be6 Bxf2+ 40. Qxf2 Qxe6 41. Kh2 Qf6 42. Qa7+ Kh6 43. Qe3+ Kh7 44. Qd2 Qb6 45. Kh3 a4 46. g4 Qc6 47. Kg3 Qc7+ 48. Qf4 Qxf4+ 49. Kxf4 Kh6 50. Ke4 1/2-1/2

[Event "34th MPL National U12G Chess-ch 2022"]
[Site "Mysore"]
[Date "2022.04.14"]
[Round "11.2"]
[White "Sherali Pattnaik"]
[Black "Shubhi Gupta"]
[Result "0-1"]
[ECO "C45"]
[WhiteElo "1209"]
[BlackElo "1434"]
[Annotator "NA RC"]
[PlyCount "104"]
[EventDate "2022.04.09"]
[EventCountry "IND"]
[SourceTitle "playchess.com"]
[Source "ChessBase"]
[SourceQuality "1"]
[TimeControl "5400+30"]

1. e4 e5 2. Nf3 Nc6 3. d4 exd4 4. Nxd4 Bc5 5. Nb3 Bb6 6. Nc3 Nf6 7. Bg5 h6 8. Bd2 d5 9. exd5 Nxd5 10. Be2 O-O 11. O-O Nf6 12. Bf4 Bf5 13. Na4 Re8 14. c4 Nd4 15. Nxd4 Bxd4 16. Bf3 c6 17. Qb3 Qe7 18. Nc3 Rad8 19. Rad1 g5 20. Ne2 Bb6 21. Rxd8 Rxd8 22. Be3 Rd3 23. Nc3 Bxe3 24. fxe3 Qxe3+ 25. Kh1 Bc8 26. Be2 Rd6 27. c5 Re6 28. Bc4 Ng4 29. Ne2 Nf2+ 30. Kg1 Nd3+ 31. Kh1 Qxe2 32. Bxd3 Qe3 33. Qc2 Re7 34. Bh7+ Kg7 35. Bf5 Bxf5 36. Qxf5 Qe5 37. Qf2 f5 38. g3 Kg6 39. Kg1 Qe3 40. Rd1 Qe4 41. Rd6+ Re6 42. Rd4 Qb1+ 43. Kg2 Qxa2 44. h4 Qa6 45. Rd6 Qc4 46. Qd2 Kh5 47. Qf2 Re2 48. Kh1 Rxf2 49. Rxh6+ Kxh6 50. hxg5+ Kh5 51. g4+ Kxg4 52. g6 Qf1# 0-1

[Event "34th MPL National U12G Chess-ch 2022"]
[Site "Mysore"]
[Date "2022.04.14"]
[Round "11.3"]
[White "Shriyana S Mallya"]
[Black "Nivedita V C"]
[Result "0-1"]
[ECO "C45"]
[WhiteElo "1277"]
[BlackElo "1200"]
[Annotator "NA RC"]
[PlyCount "58"]
[EventDate "2022.04.09"]
[EventCountry "IND"]
[SourceTitle "playchess.com"]
[Source "ChessBase"]
[SourceQuality "1"]
[TimeControl "5400+30"]

1. e4 e5 2. Nf3 Nc6 3. d4 exd4 4. Nxd4 Bc5 5. Be3 Qf6 6. c3 Nge7 7. Bc4 d6 8. O-O O-O 9. Qd2 Ne5 10. Bb3 Qg6 11. f3 a5 12. a4 b6 13. Bd1 Nc4 14. Qf2 Bh3 15. Re1 Rae8 16. Kh1 Nxe3 17. gxh3 Bxd4 18. cxd4 Nxd1 19. Rxd1 f5 20. Qc2 fxe4 21. fxe4 Nd5 22. Nd2 Rf2 23. Rg1 Qh6 24. Qc6 Nf6 25. Qc4+ d5 26. Qxc7 Rxd2 27. e5 Ne4 28. Rgf1 Ng3+ 29. Kg1 Qe3+ 0-1

[Event "34th MPL National U12G Chess-ch 2022"]
[Site "Mysore"]
[Date "2022.04.14"]
[Round "11.4"]
[White "Kalyani Sirin"]
[Black "Aadya Gupta"]
[Result "1-0"]
[ECO "C54"]
[WhiteElo "1243"]
[BlackElo "1218"]
[Annotator "NA RC"]
[PlyCount "63"]
[EventDate "2022.04.09"]
[EventCountry "IND"]
[SourceTitle "playchess.com"]
[Source "ChessBase"]
[SourceQuality "1"]
[TimeControl "5400+30"]

1. e4 e5 2. Nf3 Nc6 3. Bc4 Bc5 4. c3 Nf6 5. d3 a6 6. a4 d6 7. O-O h6 8. b4 Bb6 9. Na3 O-O 10. h3 Ne7 11. Re1 Ng6 12. Qc2 Nh5 13. Be3 Qf6 14. Bxb6 cxb6 15. Re3 Nhf4 16. Rd1 h5 17. d4 Nxg2 18. Kxg2 Nf4+ 19. Kh2 Nxh3 20. Bf1 Qf4+ 21. Kh1 Bg4 22. Rdd3 f5 23. Bxh3 fxe4 24. Bxg4 hxg4 25. Qa2+ Kh8 26. Nxe5 Rf6 27. Rh3+ gxh3 28. Rxh3+ Qh6 29. Nf7+ Kh7 30. Nxh6 gxh6 31. Qd5 Raf8 32. Qxe4+ 1-0

[Event "34th MPL National U12G Chess-ch 2022"]
[Site "Mysore"]
[Date "2022.04.14"]
[Round "11.5"]
[White "Singh Myra"]
[Black "Shanjula Senthil"]
[Result "1/2-1/2"]
[ECO "B87"]
[WhiteElo "1606"]
[BlackElo "1168"]
[Annotator "NA RC"]
[PlyCount "74"]
[EventDate "2022.04.09"]
[EventCountry "IND"]
[SourceTitle "playchess.com"]
[Source "ChessBase"]
[SourceQuality "1"]
[TimeControl "5400+30"]

1. e4 c5 2. Nf3 d6 3. d4 cxd4 4. Nxd4 Nf6 5. Nc3 a6 6. Bc4 e6 7. Bb3 b5 8. O-O Be7 9. Qf3 Qc7 10. Qg3 O-O 11. Bh6 Ne8 12. f4 Qc5 13. Nce2 e5 14. f5 Bf6 15. Bd5 Ra7 16. b4 Qb6 17. c3 exd4 18. cxd4 Kh8 19. Be3 Qd8 20. e5 Bh4 21. Qf3 Bg5 22. Bxg5 Qxg5 23. Ng3 dxe5 24. dxe5 Qe7 25. Qf4 Nd7 26. Rae1 Nb6 27. f6 Qd7 28. Bb3 Bb7 29. e6 Qc6 30. fxg7+ Nxg7 31. Re2 Nd5 32. Qe5 f6 33. e7 Re8 34. Bxd5 Qb6+ 35. Kh1 Bxd5 36. Qxd5 Raxe7 37. Rxe7 Rxe7 1/2-1/2

[Event "34th MPL National U12G Chess-ch 2022"]
[Site "Mysore"]
[Date "2022.04.14"]
[Round "11.6"]
[White "Charvi A"]
[Black "Sakthi Vaishnavi A K"]
[Result "1-0"]
[ECO "C54"]
[WhiteElo "1267"]
[BlackElo "1009"]
[Annotator "NA RC"]
[PlyCount "139"]
[EventDate "2022.04.09"]
[EventCountry "IND"]
[SourceTitle "playchess.com"]
[Source "ChessBase"]
[SourceQuality "1"]
[TimeControl "5400+30"]

1. e4 e5 2. Nf3 Nc6 3. Bc4 Bc5 4. c3 d6 5. d3 h6 6. O-O Nf6 7. b4 Bb6 8. a4 a6 9. Bb3 O-O 10. Nbd2 Be6 11. Bc2 d5 12. Bb2 d4 13. b5 dxc3 14. Bxc3 Bd4 15. Bxd4 Nxd4 16. bxa6 Rxa6 17. Nxe5 Nxc2 18. Qxc2 Qd6 19. Nef3 Rc6 20. Qd1 Nd7 21. d4 Bg4 22. Qb3 Rb6 23. Qe3 Bxf3 24. Nxf3 Re8 25. Rac1 Qg6 26. e5 c6 27. Qc3 Ra6 28. Qb4 Nb6 29. a5 Nd5 30. Qd2 Rea8 31. Rc5 b6 32. axb6 Rxb6 33. h3 Rba6 34. Qc2 Qe6 35. Rc1 Ra2 36. Qe4 f5 37. Qb1 R2a6 38. Qb7 R8a7 39. Qb8+ Kh7 40. Qd6 Qxd6 41. exd6 Nf4 42. R1c2 Nd3 43. Rxf5 Rd7 44. Ne5 Nxe5 45. dxe5 Kg6 46. g4 Rb6 47. Re2 c5 48. e6 Rdxd6 49. e7 Re6 50. e8=Q+ Rxe8 51. Rxe8 Rc6 52. Ree5 c4 53. Rc5 Rxc5 54. Rxc5 Kh7 55. Rxc4 g6 56. Rc7+ Kg8 57. Kf1 h5 58. gxh5 gxh5 59. Ke2 h4 60. Ke3 Kf8 61. Ke4 Ke8 62. Ke5 Kd8 63. Kd6 Ke8 64. Rd7 Kf8 65. Re7 Kg8 66. Ke6 Kf8 67. Kf6 Kg8 68. Re8+ Kh7 69. f4 Kh6 70. Rh8# 1-0